 Dungeon Crawl Stone Soup version 0.31-a0-152-g6aa68a64a1 (webtiles) character file.

Game seed: 14152486570263323633

341 qw the Shooter (level 6, -1/57 HPs)
             Began as a Naga Hunter on June 10, 2023.
             Succumbed to an adder's poison
             ... in a sewer.
             The game lasted 00:01:06 (2881 turns).

qw the Shooter (Naga Hunter)                        Turns: 2881, Time: 00:01:06

Health: -1/57      AC:  3    Str: 13    XL:     6   Next: 56%
Magic:  6/6        EV: 14    Int: 10    God:
Gold:   158        SH:  0    Dex: 16    Spells: 5/5 levels left

rFire   . . .        Y - +0 shortbow
rCold   . . .        (shield currently unavailable)
rNeg    . . .        c - +0 leather armour
rPois   +            (no helmet)
rElec   .            (no cloak)
rCorr   .            (no gloves)
SInv    +            (no barding)
Will    .....        (no amulet)
Stlth   ++           h - +5 ring of evasion
HPRegen 0.29/turn    (no ring)
MPRegen 0.10/turn

%: no passive effects
@: lethally poisoned (-1 -> -5), about to teleport, very slow
A: AC +2, large, see invisible, deformed body, poison resistance, slowness 2,
spit poison 1, naga tail 1
a: Spit Poison


You were in a sewer.
You visited 1 branch of the dungeon, and saw 4 of its levels.
You also visited: Sewer.

You collected 158 gold pieces.


Innate Abilities, Weirdness & Mutations

Your serpentine skin is tough. (AC +2)
You have supernaturally acute eyesight. (SInv)
Armour fits poorly on your strangely shaped body.
Your system is resistant to poisons. (rPois)
You cover ground very slowly.
You can spit poison.
You have a snake-like lower body.


   Skills:
 - Level 4.2 Fighting
 + Level 6.0 Ranged Weapons
 - Level 1.5 Dodging
 - Level 1.5 Stealth


You had 5 spell levels left.
You didn't know any spells.
Your spell library was empty.

Inventory:

Hand Weapons
 Y - a +0 shortbow (weapon)
Armour
 c - a +0 leather armour (worn)
Jewellery
 h - a +5 ring of evasion (left hand)
Scrolls
 b - 3 scrolls of identify
 f - a scroll of poison {unknown}
 k - a scroll of fear {unknown}
Potions
 a - a potion of invisibility {unknown}
 e - a potion of heal wounds {unknown}
 g - a potion of curing {unknown}
 i - a potion of cancellation {unknown}
 j - a potion of attraction {unknown}
 l - 2 potions of lignification {unknown}

Dungeon Overview and Level Annotations

Branches:
Dungeon (4/15)              Sewer (1/1)
 Temple: D:4-7

Altars:
Ashenzari
Dithmenos
Nemelex Xobeh


Message History

The ball python bites you but does no damage.
You shoot an arrow. The arrow barely misses the bullfrog.
You feel sick. The bullfrog hits you. The adder closely misses you.
The adder bites you.
You are more poisoned.
The adder poisons you! The adder closely misses you.
The bullfrog closely misses you. The ball python misses you.
The adder misses you.
You shoot an arrow. The arrow closely misses the bullfrog.
You have got your breath back.
You feel sick. The adder misses you. The bullfrog hits you.
The adder bites you. The adder bites you but does no damage.
The ball python bites you. The adder closely misses you.
The bullfrog closely misses you. The adder bites you.
You are more poisoned.
The adder poisons you!
2878 ||| INVOKING Spit Poison.
Aiming: Spit Poison (1% risk of failure)
Press: ? - help, Shift-Dir - straight line, f/p - bullfrog The splash of poison misses the bullfrog.
You feel sick. The adder barely misses you. The ball python barely misses you.
The bullfrog closely misses you. The adder bites you.
The adder closely misses you. The adder bites you.
You shoot an arrow. The arrow hits the bullfrog!
The bullfrog is almost dead.
You feel very sick. The ball python barely misses you.
The bullfrog closely misses you. The adder closely misses you.
The adder bites you. The adder bites you but does no damage.
The ball python barely misses you. The bullfrog barely misses you.
The adder bites you.
2880 ||| READING scroll of teleportation.
As you read the scroll of teleportation, it crumbles to dust.
You feel strangely unstable.
You feel sick. The adder closely misses you. The bullfrog hits you.
The adder barely misses you. The ball python bites you. The adder bites you.
The adder closely misses you.
You shoot an arrow. The arrow hits the bullfrog!
You kill the bullfrog!
You have got your breath back.
You die...

####################
###..~~~~~~~~~SS~~~~..
##....~~~~~~~..@~~~~~~.
#...%~~~~~~~~~S#S~~~~~.
#.....~~~~~~~~~~~~~~~~.
##....~~~~~~~~~~~~~~~~~.
#......~~~~~~~~~~~~~~~#.
#...%##################
#...#### ....#.?#
....'..#


You could see 3 adders and a ball python.

Vanquished Creatures
  2 bullfrogs (Sewer)
  A howler monkey (D:2)
  An iguana (D:4)
  9 adders
  5 river rats
  3 worms
  2 dart slugs (D:3)
  2 bats (D:3)
  11 endoplasms
  3 giant cockroaches
  7 goblins
  4 hobgoblins
  2 quokkas
  8 ball pythons
  3 frilled lizards
  4 kobolds
  23 rats
90 creatures vanquished.

Notes
Turn   | Place    | Note
-------+----------+-------------------------------------------
     0 | D:1      | qw the Naga Hunter began the quest for the Orb.
     0 | D:1      | Reached XP level 1. HP: 19/19 MP: 1/1
     0 | D:1      | 0 ||| qw: Version: 0.2-a-29-gd901d54
     0 | D:1      | 0 ||| qw: Game counter: 3959
     0 | D:1      | 0 ||| qw: Always use a shield: true
     0 | D:1      | 0 ||| qw: God list: Okawaru
     0 | D:1      | 0 ||| qw: Allow faded altars: false
     0 | D:1      | 0 ||| qw: Do Orc after D:15 true
     0 | D:1      | 0 ||| qw: Do second Lair branch before Depths: true
     0 | D:1      | 0 ||| qw: Lair rune preference: random
     0 | D:1      | 0 ||| qw: Plans: Normal
     0 | D:1      | 0 ||| PLANNING D:1-11
    19 | D:1      | 19 ||| INVOKING Spit Poison.
    22 | D:1      | 22 ||| INVOKING Spit Poison.
    99 | D:1      | 99 ||| INVOKING Spit Poison.
   140 | D:1      | 140 ||| INVOKING Spit Poison.
   154 | D:1      | 154 ||| INVOKING Spit Poison.
   155 | D:1      | 155 ||| INVOKING Spit Poison.
   156 | D:1      | Reached skill level 4 in Ranged Weapons
   156 | D:1      | Reached XP level 2. HP: 26/26 MP: 2/2
   158 | D:1      | 158 ||| INVOKING Spit Poison.
   232 | D:1      | 232 ||| INVOKING Spit Poison.
   237 | D:1      | 237 ||| INVOKING Spit Poison.
   242 | D:1      | 242 ||| INVOKING Spit Poison.
   520 | D:1      | 520 ||| INVOKING Spit Poison.
   661 | D:1      | 661 ||| READING scroll labelled NITHUGH OKURPH.
   662 | D:1      | 662 ||| DRINKING 2 grey potions.
   663 | D:1      | 663 ||| DROPPING scroll of butterflies.
   664 | D:1      | 664 ||| DROPPING potion of brilliance.
   866 | D:2      | 866 ||| INVOKING Spit Poison.
   954 | D:2      | Found a shadowy altar of Dithmenos.
  1149 | D:2      | 1149 ||| INVOKING Spit Poison.
  1165 | D:2      | 1165 ||| INVOKING Spit Poison.
  1168 | D:2      | 1168 ||| INVOKING Spit Poison.
  1169 | D:2      | 1169 ||| INVOKING Spit Poison.
  1171 | D:2      | Reached XP level 3. HP: 32/32 MP: 3/3
  1247 | D:2      | 1247 ||| INVOKING Spit Poison.
  1252 | D:2      | 1252 ||| INVOKING Spit Poison.
  1253 | D:2      | Reached skill level 5 in Ranged Weapons
  1253 | D:2      | Reached XP level 4. HP: 39/39 MP: 4/4
  1489 | D:2      | 1489 ||| READING scroll labelled BIDOCUJOMO.
  1490 | D:2      | 1490 ||| READING scroll labelled FAPEL JULL.
  1491 | D:2      | 1491 ||| READING scroll labelled QAUCUP VIETIO.
  1512 | D:3      | 1512 ||| INVOKING Spit Poison.
  1530 | D:3      | 1530 ||| INVOKING Spit Poison.
  1537 | D:3      | 1537 ||| INVOKING Spit Poison.
  1541 | D:3      | 1541 ||| INVOKING Spit Poison.
  1573 | D:3      | Found a sparkling altar of Nemelex Xobeh.
  1574 | D:3      | 1574 ||| INVOKING Spit Poison.
  1667 | D:3      | 1667 ||| INVOKING Spit Poison.
  1689 | D:3      | 1689 ||| INVOKING Spit Poison.
  1716 | D:3      | 1716 ||| INVOKING Spit Poison.
  1758 | D:3      | 1758 ||| INVOKING Spit Poison.
  1763 | D:3      | 1763 ||| INVOKING Spit Poison.
  1832 | D:3      | 1832 ||| INVOKING Spit Poison.
  1896 | D:3      | 1896 ||| INVOKING Spit Poison.
  1902 | D:3      | 1902 ||| INVOKING Spit Poison.
  1905 | D:3      | 1905 ||| INVOKING Spit Poison.
  1906 | D:3      | Reached skill level 3 in Fighting
  1951 | D:3      | Found a broken altar of Ashenzari.
  2012 | D:3      | 2012 ||| INVOKING Spit Poison.
  2192 | D:4      | 2192 ||| PLANNING SEWER
  2208 | D:4      | 2208 ||| INVOKING Spit Poison.
  2213 | D:4      | Reached XP level 5. HP: 36/49 MP: 5/5
  2301 | D:4      | 2301 ||| INVOKING Spit Poison.
  2307 | D:4      | 2307 ||| INVOKING Spit Poison.
  2390 | D:4      | 2390 ||| INVOKING Spit Poison.
  2396 | D:4      | 2396 ||| INVOKING Spit Poison.
  2399 | D:4      | 2399 ||| INVOKING Spit Poison.
  2405 | D:4      | 2405 ||| INVOKING Spit Poison.
  2459 | D:4      | Found a glowing drain.
  2460 | D:4      | 2460 ||| UPGRADING to +5 ring of evasion.
  2461 | D:4      | 2461 ||| READING scroll labelled KAZUDI FAEFIT.
  2462 | D:4      | 2462 ||| READING scroll labelled WESSUIMOVVU.
  2567 | D:4      | 2567 ||| INVOKING Spit Poison.
  2574 | D:4      | 2574 ||| INVOKING Spit Poison.
  2579 | Sewer    | Entered a sewer
  2593 | Sewer    | 2593 ||| INVOKING Spit Poison.
  2597 | Sewer    | 2597 ||| INVOKING Spit Poison.
  2603 | Sewer    | 2603 ||| INVOKING Spit Poison.
  2608 | Sewer    | 2608 ||| INVOKING Spit Poison.
  2611 | Sewer    | 2611 ||| INVOKING Spit Poison.
  2617 | Sewer    | 2617 ||| INVOKING Spit Poison.
  2620 | Sewer    | 2620 ||| INVOKING Spit Poison.
  2626 | Sewer    | 2626 ||| INVOKING Spit Poison.
  2649 | Sewer    | 2649 ||| INVOKING Spit Poison.
  2655 | Sewer    | 2655 ||| INVOKING Spit Poison.
  2686 | Sewer    | 2686 ||| INVOKING Spit Poison.
  2691 | Sewer    | 2691 ||| INVOKING Spit Poison.
  2695 | Sewer    | 2695 ||| INVOKING Spit Poison.
  2705 | Sewer    | 2705 ||| INVOKING Spit Poison.
  2706 | Sewer    | Reached skill level 6 in Ranged Weapons
  2708 | Sewer    | Reached XP level 6. HP: 56/56 MP: 6/6
  2709 | Sewer    | 2709 ||| INVOKING Spit Poison.
  2719 | Sewer    | 2719 ||| INVOKING Spit Poison.
  2725 | Sewer    | 2725 ||| INVOKING Spit Poison.
  2755 | Sewer    | 2755 ||| INVOKING Spit Poison.
  2767 | Sewer    | 2767 ||| INVOKING Spit Poison.
  2774 | Sewer    | 2774 ||| INVOKING Spit Poison.
  2813 | Sewer    | 2813 ||| INVOKING Spit Poison.
  2820 | Sewer    | 2820 ||| INVOKING Spit Poison.
  2825 | Sewer    | 2825 ||| INVOKING Spit Poison.
  2836 | Sewer    | 2836 ||| INVOKING Spit Poison.
  2866 | Sewer    | 2866 ||| INVOKING Spit Poison.
  2871 | Sewer    | 2871 ||| INVOKING Spit Poison.
  2878 | Sewer    | 2878 ||| INVOKING Spit Poison.
  2879 | Sewer    | HP: 13/57 [poisoned by an adder]
  2880 | Sewer    | 2880 ||| READING scroll of teleportation.
  2880 | Sewer    | HP: 5/57 [bullfrog (4)]
  2880 | Sewer    | HP: 2/57 [ball python (3)]
  2881 | Sewer    | Succumbed to an adder's poison

Levels and vault maps discovered:
D:1:      lemuel_arrival_hallway, layout_loops_cross
D:2:      layout_loops_corners, basic_altar
D:3:      layout_basic, marbit_many_paths, ashenzari_conservatory_becter
D:4:      layout_basic, serial_shops, kennysheep_mini, portal_sewer_entry_a
Sewer:    sewer_minmay_w

Skill      XL: |  1  2  3  4  5  6 |
---------------+-------------------+-----
Ranged Weapons | 4 5 6 |  6.0
Fighting       | 3 4 |  4.2
Dodging        | |  1.5
Stealth        | |  1.5

Action                     |  1- 3 |  4- 6 || total
---------------------------+-------+-------++-------
   Fire: Shortbow          |    40 |   164 ||   204
Ability: Spit Poison       |    16 |    51 ||    67
    Use: Scroll            |     1 |     6 ||     7
         Potion            |     1 |       ||     1
 Armour: Leather armour    |     2 |    24 ||    26
  Dodge: Dodged            |     8 |    91 ||    99

Table legend:
 A = Non-vault XP
 B = Vault XP
 C = Vault XP percentage of total XP
 D = Non-vault monster count
 E = Vault monster count
 F = Vault count percentage of total count
                 A         B        C        D         E       F
            +---------+---------+-------+---------+---------+-------
      Total |     207 |     365 |  63.8 |      44 |      46 |  51.1
            +---------+---------+-------+---------+---------+-------
        D:1 |      23 |       0 |   0.0 |      13 |       0 |   0.0
        D:2 |      68 |       0 |   0.0 |       8 |       0 |   0.0
        D:3 |      60 |       5 |   7.7 |      19 |       1 |   5.0
        D:4 |      56 |      37 |  39.8 |       4 |       6 |  60.0
      Sewer |       0 |     323 | 100.0 |       0 |      39 | 100.0
            +---------+---------+-------+---------+---------+-------
